 Dungeon Crawl Stone Soup version 0.25-a0-547-g27a0b5d1ef (webtiles) character file.

Game seed: 75132762110555755, levelgen mode: deterministic

53 Irikuri the Slasher (level 3, -9/30 HPs)
             Began as a Minotaur Gladiator on Feb 22, 2020.
             Killed by divine providence
             ... invoked by an orc priest
              (12 damage)
             ... on level 3 of the Dungeon.
             The game lasted 00:04:40 (651 turns).

Irikuri the Slasher (Minotaur Gladiator)             Turns: 651, Time: 00:04:40

Health: -9/30      AC:  3    Str: 19    XL:     3   Next: 64%
Magic:  2/2        EV: 13    Int:  5    God:
Gold:   89         SH:  0    Dex: 11    Spells: 2/2 levels left

rFire    . . .     SeeInvis .   e - +1 dagger (speed)
rCold    . . .     Gourm    .   (no shield)
rNeg     . . .     Faith    .   b - +0 leather armour
rPois    .         Spirit   .   c - +0 hat
rElec    .         Reflect  .   (no cloak)
rCorr    .         Harm     .   (no gloves)
MR       .....                  (no boots)
Stlth    +.........             (no amulet)
HPRegen  0.10/turn              (no ring)
MPRegen  0.08/turn              (no ring)

@: no status effects
A: retaliatory headbutt, horns 2
a: no special abilities


You were on level 3 of the Dungeon.
You were not hungry.

You visited 1 branch of the dungeon, and saw 3 of its levels.

You collected 89 gold pieces.

Inventory:

Hand Weapons
 a - a +0 long sword
 e - a +1 dagger of speed (weapon)
Missiles
 d - 3 throwing nets (quivered)
Armour
 b - a +0 leather armour (worn)
 c - a +0 hat (worn)
Comestibles
 f - 4 rations
 g - 4 chunks of flesh


   Skills:
 + Level 2.9 Fighting
 + Level 0.1(2.4) Short Blades
 + Level 4.4 Long Blades
 + Level 2.1 Throwing
 + Level 1.5 Armour
 + Level 3.8 Dodging


You had 2 spell levels left.
You didn't know any spells.
Your spell library was empty.

Dungeon Overview and Level Annotations

Branches:
Dungeon (3/15)

Altars:
Gozag
Xom


Innate Abilities, Weirdness & Mutations

You reflexively headbutt those who attack you in melee.
You have a pair of horns on your head.


Message History

* * * LOW HITPOINT WARNING * * *
The orc misses you. You furiously retaliate!
You headbutt the orc!
You kill the orc!
The orc priest misses you.
You hit the orc priest. Your headbutt misses the orc priest.
The orc priest is lightly wounded.
The orc hits you but does no damage.
You barely miss the orc priest.
The orc priest is lightly wounded.
The orc priest hits you with a +0 short sword.
* * * LOW HITPOINT WARNING * * *
You hit the orc priest. Your headbutt misses the orc priest.
The orc priest is lightly wounded.
The orc hits you.
* * * LOW HITPOINT WARNING * * *
You hit the orc priest but do no damage.
The orc priest is lightly wounded.
The orc priest mumbles some strange prayers to Beogh against you.
Beogh smites you!
You die...

.).#
#####...###
#..........
#.........#
#.........#
#.........#
#..K).....#
#..@o.....#
#...o.....#
#.......$.#
#.........#
###########


You could see an orc priest, an orc and a kobold.

Vanquished Creatures
  A gnoll (D:2)
  An adder (D:3)
  A worm (D:2)
  A dart slug (D:1)
  A leopard gecko (D:2)
  An orc (D:3)
  2 giant cockroaches
  5 goblins
  3 hobgoblins
  2 jackals (D:1)
  A ball python (D:1)
  A bat (D:1)
  4 frilled lizards
  2 kobolds (D:2)
  A rat (D:1)
27 creatures vanquished.

Notes
Turn   | Place    | Note
-------+----------+-------------------------------------------
     0 | D:1      | Irikuri the Minotaur Gladiator began the quest for the Orb.
     0 | D:1      | Reached XP level 1. HP: 18/18 MP: 0/0
    72 | D:1      | Reached XP level 2. HP: 25/25 MP: 1/1
   107 | D:1      | Reached skill level 4 in Long Blades
   452 | D:2      | Reached XP level 3. HP: 3/30 MP: 2/2
   525 | D:2      | Reached skill level 1 in Armour
   561 | D:2      | Found an opulent altar of Gozag.
   561 | D:2      | Found a shimmering altar of Xom.
   651 | D:3      | Killed from afar by an orc priest

Levels and vault maps discovered:
D:1:      grunt_arrival_lava_bath, layout_basic
D:2:      layout_rooms, led_sif_pool, gammafunk_temple_overflow_wave,
          uniq_natasha, uniq_jessica, uniq_sigmund
D:3:      layout_basic, lemuel_coloured_pillars_altar, minmay_bisected

Skill      XL: |  1  2  3 |
---------------+----------+-----
Long Blades    | 4 |  4.4
Armour         | 1 |  1.5
Fighting       | |  2.9
Short Blades   | |  0.1
Throwing       | |  2.1
Dodging        | |  3.8

Action                   || total
-------------------------++-------
Melee: Long sword        ||    11
       Dagger            ||    42
       Headbutt          ||     7
  Use: Potion            ||     3
       Scroll            ||     1
 Stab: Sleeping          ||     1
Armor: Leather armour    ||     7
Dodge: Dodged            ||    38
       Rpst.: Long sword ||     3

Table legend:
 A = Non-vault XP
 B = Vault XP
 C = Vault XP percentage of total XP
 D = Non-vault monster count
 E = Vault monster count
 F = Vault count percentage of total count
                 A         B        C        D         E       F
            +---------+---------+-------+---------+---------+-------
      Total |      77 |       0 |   0.0 |      27 |       0 |   0.0
            +---------+---------+-------+---------+---------+-------
        D:1 |      25 |       0 |   0.0 |      14 |       0 |   0.0
        D:2 |      36 |       0 |   0.0 |      11 |       0 |   0.0
        D:3 |      16 |       0 |   0.0 |       2 |       0 |   0.0
            +---------+---------+-------+---------+---------+-------
